 Dungeon Crawl Stone Soup version 0.31.0-9-g3a7656b989 (console) character file.

Game seed: 7842040577739190232

182 AlterAsc the Sneak (level 5, 0/28 HPs)
             Began as a Vampire Enchanter on Jan 29, 2024.
             Slain by an orc priest
             ... wielding a +0 hand axe
              (4 damage)
             ... on level 4 of the Dungeon.
             The game lasted 00:06:31 (3067 turns).

AlterAsc the Sneak (Vampire Enchanter)              Turns: 3067, Time: 00:06:32

Health: 0/28       AC:  2    Str:  7    XL:     5   Next: 34%
Magic:  15/18      EV: 12    Int: 20    God:
Gold:   249        SH:  0    Dex: 14    Spells: 1/9 levels left

rFire   . . .        l - +0 dagger (venom)
rCold   + + .        (no shield)
rNeg    + + +        b - +0 robe
rPois   ∞            (no helmet)
rElec   .            (no cloak)
rCorr   +            (no gloves)
SInv    +            (no boots)
Will    .....        (no amulet)
Stlth   +++++        g - ring of resist corrosion
HPRegen 0.00/turn    t - ring of magical power
MPRegen 0.16/turn

%: no passive effects
@: very slightly contaminated, bloodless, inhibited regen, invisible
A: bloodless, fangs 3, see invisible, vampiric 2
a: Bat Form, Revivify


You were on level 4 of the Dungeon.
You visited 1 branch of the dungeon, and saw 4 of its levels.

You collected 249 gold pieces.

Inventory:

Hand Weapons
 a - a +1 dagger
 l - a +0 dagger of venom (weapon)
Missiles
 j - 8 poisoned darts (quivered)
 k - 8 atropa-tipped darts
Armour
 b - a +0 robe (worn)
 i - a scarf of harm
Jewellery
 g - a ring of resist corrosion (left hand)
 t - a ring of magical power (right hand)
Wands
 n - a wand of flame (19)
Scrolls
 d - 4 scrolls of identify
 m - 4 scrolls of fog
 q - 4 scrolls of teleportation
 u - a scroll of blinking {unknown}
 v - a scroll of revelation {unknown}
 x - a scroll of torment {unknown}
Potions
 c - a potion of invisibility
 e - a potion of enlightenment {unknown}
 f - 4 potions of mutation {unknown}
 h - 2 potions of lignification {unknown}
 o - a potion of heal wounds {unknown}
 p - a potion of haste {unknown}
 r - a potion of attraction {unknown}
 s - a potion of might {unknown}
 w - a potion of degeneration {unknown}


   Skills:
 - Level 1.1 Short Blades
 - Level 2.1 Dodging
 + Level 6.4 Stealth
 + Level 2.9 Spellcasting
 + Level 6.0 Hexes
 - Level 2.0 Ice Magic


You had one spell level left.
You knew the following spells:

 Your Spells              Type           Power      Damage    Failure   Level
a - Ensorcelled Hibernat  Hex/Ice        38%        N/A       4%          2
b - Confusing Touch       Hex            27%        N/A       3%          3
c - Tukima's Dance        Hex            27%        N/A       3%          3

Your spell library contained the following spells:

 Spells                   Type           Power      Damage    Failure   Level
 Apportation              Tloc           4%         N/A       14%         1
 Necrotise                Necr           8%         1d4       14%         1
 Sting                    Conj/Alch      8%         1d3       14%         1
 Summon Small Mammal      Summ           8%         N/A       14%         1
 Dazzling Flash           Conj/Hex       30%        N/A       12%         3
 Lesser Beckoning         Tloc           4%         N/A       22%         2
 Gell's Gravitas          Tloc           2%         N/A       41%         3
 Teleport Other           Tloc           2%         N/A       41%         3


Dungeon Overview and Level Annotations

Branches:
Dungeon (4/15)
 Temple: D:4-7

Altars:
Dithmenos
Vehumet
Xom


Innate Abilities, Weirdness & Mutations

You do not regenerate when monsters are visible.
You are frail without blood (-20% HP).
You can heal yourself when you bite living creatures.
You are immune to poison.
You have razor-sharp teeth.
You have supernaturally acute eyesight. (SInv)
You are afflicted with vampirism and can become a bat while bloodless.


Message History

There is an open door here.
As you open the door, it creaks loudly! 2 orcs and 2 orc priests come into view.
An orc is wielding a +2 heavy flail.
The orc shouts!
The orc priest shouts!
The orc shouts!
The orc priest shouts!
You hear an angry hiss.
There is an open door here.
Casting: Ensorcelled Hibernation (safe; 4% risk of failure)
Confirm with . or Enter, or press ? or * to list all spells.
Aiming: Ensorcelled Hibernation (safe; 4% risk of failure)
Press: ? - help, Shift-Dir - straight line, f - orc
Aim: an orc, wielding a +2 heavy flail and wearing a +0 scale mail (chance to affect: 69%)
The orc struggles to resist.
You barely miss the orc. The orc barely misses you.
You barely miss the orc. You bite the orc.
You draw the orc's blood!
The orc is heavily wounded.
The orc closely misses you. The orc hits you with a +2 heavy flail!
Ouch! That really hurt!
The orc attacks as it pursues you! The orc hits you with a +0 club.
There is an open door here.
Casting: Ensorcelled Hibernation (safe; 4% risk of failure)
Confirm with . or Enter, or press ? or * to list all spells.
Aiming: Ensorcelled Hibernation (safe; 4% risk of failure)
Press: ? - help, Shift-Dir - straight line, f - orc priest, p - orc
Aim: an orc priest, wielding a +0 hand axe and wearing a +0 ring mail (chance to affect: 51%)
You miscast Ensorcelled Hibernation.
You are very lightly contaminated with residual magic.
Nothing appears to happen.
The orc hits you with a +0 club.
* * * LOW HITPOINT WARNING * * *
The orc priest closely misses you.
Casting: Ensorcelled Hibernation (safe; 4% risk of failure)
Confirm with . or Enter, or press ? or * to list all spells.
Aiming: Ensorcelled Hibernation (safe; 4% risk of failure)
Press: ? - help, Shift-Dir - straight line, f/p - orc priest
Aim: an orc priest, wielding a +0 hand axe and wearing a +0 ring mail (chance to affect: 51%)
Okay, then.
You fade into invisibility!
The orc hits you with a +0 club.
* * * LOW HITPOINT WARNING * * *
The orc priest hits you with a +0 hand axe.
You die...

###+###+###
.......#..####
.......#..#..###########
##+###'..'......<.....#
+...'.#..##.#########.#
#...#)#..##.# #...
#._.#.+##+.#. #...
#...#.#..## #. ####...
+...+.#..# .. #......
+###+###@o.+ #........
#......o#oo# #........
#$......#..# ...###...
+###+###'### #.# #...
...# #. .... #....o
$.... ..###o. ...... ..#
.8.. ... o.. ..


You could see 2 orc priests and 2 orcs.

Vanquished Creatures
  Crazy Yiuf (D:2)
  Jessica (D:2)
  An iguana (D:2)
  3 adders
  2 ribbon worms (D:3)
  A dart slug (D:1)
  An orc (D:3)
  4 endoplasms
  A giant cockroach (D:3)
  6 goblins
  6 hobgoblins
  3 jackals (D:2)
  4 kobolds
  2 quokkas
  12 ball pythons
  5 bats
  3 frilled lizards
  9 rats
65 creatures vanquished.

Notes
Turn   | Place    | Note
-------+----------+-------------------------------------------
     0 | D:1      | AlterAsc the Vampire Enchanter began the quest for the Orb.
     0 | D:1      | Reached XP level 1. HP: 13/13 MP: 3/3
    27 | D:1      | Found a faded altar of an unknown god.
    86 | D:1      | Reached XP level 2. HP: 18/19 MP: 5/5
    87 | D:1      | Reached skill level 5 in Stealth
    91 | D:1      | Learned a level 2 spell: Ensorcelled Hibernation
   371 | D:1      | Reached skill level 5 in Hexes
   690 | D:1      | You fall into a shaft and drop 1 floor!
   703 | D:2      | Reached skill level 1 in Ice Magic
   703 | D:2      | Gained mutation: You are afflicted with vampirism and can
                  | become a bat while bloodless. [Vampire growth]
   703 | D:2      | Reached XP level 3. HP: 19/19 MP: 6/6
   727 | D:2      | Found a runed translucent door.
   728 | D:2      | Noticed Crazy Yiuf
   736 | D:2      | Killed Crazy Yiuf
   737 | D:2      | Reached XP level 4. HP: 17/24 MP: 7/7
   947 | D:2      | Noticed Jessica
   953 | D:2      | Killed Jessica
  1693 | D:2      | Reached XP level 5. HP: 28/28 MP: 9/9
  2257 | D:3      | Learned a level 3 spell: Confusing Touch
  2261 | D:3      | Learned a level 3 spell: Tukima's Dance
  2422 | D:3      | Found a shadowy altar of Dithmenos.
  2546 | D:3      | Found a radiant altar of Vehumet.
  3047 | D:4      | Found a shimmering altar of Xom.
  3067 | D:4      | Slain by an orc priest

Illustrated notes

Levels and vault maps discovered:
D:1:      lemuel_arrival_broad_hall, layout_basic,
          shapermc_ecumenical_altar_starsandcircs,
          chequers_serial_rivers_room_a, minmay_cupped
D:2:      layout_loops_ring, minmay_puff, uniq_jessica, uniq_crazy_yiuf_cottage
D:3:      layout_basic, mainiacjoe_overflow_catwalk,
          mainiacjoe_overflow_alcove_4
D:4:      layout_loops_ring, eat_drink_and_be_merry_uskayaw, kennysheep_mini,
          mainiacjoe_overflow_24_doors, serial_forest,
          infiniplex_forest_clump_tiny, infiniplex_forest_clump_tiny,
          infiniplex_forest_clump_curved, infiniplex_forest_clump_large,
          infiniplex_forest_zigzag_2, infiniplex_forest_lined_room_3,
          infiniplex_forest_clump_C, serial_shops,
          nicolae_shop_pleasant_corner_grove, serial_library_hellmonk_u_bend,
          minmay_misc_feat_doors

Skill      XL: |  1  2  3  4  5 |
---------------+----------------+-----
Stealth        | 5 6 |  6.4
Hexes          | 5 6 |  6.0
Ice Magic      | 1 2 |  2.0
Short Blades   | |  1.1
Dodging        | |  2.1
Spellcasting   | |  2.9

Action                     |  1- 3 |  4- 6 || total
---------------------------+-------+-------++-------
  Melee: Dagger            |    54 |    77 ||   131
         Bite              |     4 |     5 ||     9
   Cast: Ensorcelled Hiber |     1 |    27 ||    28
Ability: Exsanguinate      |     1 |       ||     1
    Use: Scroll            |       |     2 ||     2
         Potion            |       |     1 ||     1
   Stab: Sleeping          |     8 |    33 ||    41
 Armour: Robe              |    26 |    38 ||    64
  Dodge: Dodged            |    28 |    43 ||    71
